 Dungeon Crawl Stone Soup version 0.31-a0-219-g8d62b2e7bb (webtiles) character file.

Game seed: 4099379967695163880

4 qw the Shooter (level 1, -1/16 HPs)
             Began as a Minotaur Hexslinger on July 3, 2023.
             Slain by a goblin
             ... wielding a +0 club
              (4 damage)
             ... on level 1 of the Dungeon.
             The game lasted 00:00:01 (30 turns).

qw the Shooter (Minotaur Hexslinger)                  Turns: 30, Time: 00:00:01

Health: -1/16      AC:  2    Str: 12    XL:     1   Next: 50%
Magic:  1/1        EV: 12    Int: 10    God:
Gold:   12         SH:  0    Dex: 12    Spells: 1/2 levels left

rFire   . . .        a - +1 sling
rCold   . . .        (no shield)
rNeg    . . .        c - +0 robe
rPois   .            (helmet restricted)
rElec   .            (no cloak)
rCorr   .            (no gloves)
SInv    .            (no boots)
Will    .....        (no amulet)
Stlth   +            (no ring)
HPRegen 0.22/turn    (no ring)
MPRegen 0.07/turn

%: no passive effects
@: no status effects
A: horns 2, retaliatory headbutt
a: no special abilities


You were on level 1 of the Dungeon.
You visited 1 branch of the dungeon, and saw 1 of its levels.

You collected 12 gold pieces.


Innate Abilities, Weirdness & Mutations

You have a pair of horns on your head.
You reflexively headbutt those who attack you in melee.


   Skills:
 - Level 1.2 Fighting
 + Level 2.6 Ranged Weapons
 - Level 2.1 Dodging
 - Level 1.0 Spellcasting
 - Level 2.0 Hexes


You had one spell level left.
You knew the following spells:

 Your Spells              Type           Power      Damage    Failure   Level
a - Slow                  Hex            16%        N/A       16%         1

Your spell library contained the following spells:

 Spells                   Type           Power      Damage    Failure   Level
 Inner Flame              Hex/Fire       2%         N/A       56%         3
 Portal Projectile        Hex/Tloc       4%         N/A       56%         3
 Cause Fear               Hex            2%         N/A       83%         4

Inventory:

Hand Weapons
 a - a +1 sling (weapon)
Armour
 c - a +0 robe (worn)
Scrolls
 b - a scroll of poison

Dungeon Overview and Level Annotations

Branches:
Dungeon (1/15)

Altars:


Message History

Found 11 gold pieces.
The goblin shouts!
The hobgoblin shouts!
You shoot a sling bullet.
The sling bullet barely misses the hobgoblin.
A goblin comes into view. It is wielding a +0 club.
You shoot a sling bullet. The goblin shouts!
The sling bullet hits the hobgoblin.
The hobgoblin is heavily wounded.
You shoot a sling bullet. The sling bullet hits the hobgoblin.
You kill the hobgoblin!
A hobgoblin comes into view.
You shoot a sling bullet.
The sling bullet barely misses the goblin.
You shoot a sling bullet.
The sling bullet barely misses the goblin.
The goblin hits you with a +0 club.
You shoot a sling bullet. The sling bullet hits the hobgoblin.
The hobgoblin is heavily wounded.
The hobgoblin misses you. The goblin hits you with a +0 club.
You shoot a sling bullet.
The sling bullet barely misses the hobgoblin.
The hobgoblin hits you. The goblin barely misses you.
The goblin hits you but does no damage. The goblin barely misses you.
You furiously retaliate!
You headbutt the goblin.
You kill the goblin!
The hobgoblin hits you. The goblin hits you but does no damage.
You shoot a sling bullet. The sling bullet hits the hobgoblin.
You kill the hobgoblin!
The goblin closely misses you.
You shoot a sling bullet.
The sling bullet closely misses the goblin.
The goblin barely misses you.
You shoot a sling bullet. The sling bullet misses the goblin.
A ball python comes into view.
The goblin hits you with a +0 club.
The ball python moves out of view.
You shoot a sling bullet.
The sling bullet closely misses the goblin.
The goblin closely misses you. The goblin hits you with a +0 club.
You die...

## . . ... #.#
.#. #..
..##.##..
.......#
##......###.
...........
#.g).$.... ##@#
#..# #.##
##########.#####
#..............#
#..............#
#..##'#######..#
#..#........#..#
#..+........#
...


You could see a goblin.

Vanquished Creatures
  A goblin (D:1)
  2 hobgoblins (D:1)
3 creatures vanquished.

Notes
Turn   | Place    | Note
-------+----------+-------------------------------------------
     0 | D:1      | qw the Minotaur Hexslinger began the quest for the Orb.
     0 | D:1      | Reached XP level 1. HP: 16/16 MP: 1/1
     0 | D:1      | 0 ||| qw: Version: 0.3-a-40-ge99b1a8
     0 | D:1      | 0 ||| qw: Game counter: 341
     0 | D:1      | 0 ||| qw: Melee chars always use a shield: true
     0 | D:1      | 0 ||| qw: God list: Okawaru
     0 | D:1      | 0 ||| qw: Allow faded altars: false
     0 | D:1      | 0 ||| qw: Do Orc after clearing Dungeon:15 true
     0 | D:1      | 0 ||| qw: Do second Lair branch before Depths: true
     0 | D:1      | 0 ||| qw: Lair rune preference: random
     0 | D:1      | 0 ||| qw: Goals: Normal
     0 | D:1      | 0 ||| PLANNING D:1-11
    29 | D:1      | HP: 3/16 [goblin/+0 club (3)]
    30 | D:1      | Slain by a goblin

Levels and vault maps discovered:
D:1:      lemuel_arrival_room, layout_loops_ring, minmay_ruptured

Action                     || total
---------------------------++-------
   Fire: Sling             ||    11
 Armour: Robe              ||     2
  Dodge: Dodged            ||     6

Table legend:
 A = Non-vault XP
 B = Vault XP
 C = Vault XP percentage of total XP
 D = Non-vault monster count
 E = Vault monster count
 F = Vault count percentage of total count
                 A         B        C        D         E       F
            +---------+---------+-------+---------+---------+-------
      Total |       4 |       2 |  33.3 |       2 |       1 |  33.3
            +---------+---------+-------+---------+---------+-------
        D:1 |       4 |       2 |  33.3 |       2 |       1 |  33.3
            +---------+---------+-------+---------+---------+-------
